 Dungeon Crawl Stone Soup version 0.17.0-23-g0de4337 (webtiles) character file.

1910 kosy22 the Ducker (level 8, -6/78 HPs)
             Began as a Troll Fighter on Nov 14, 2015.
             Was a Believer of Nemelex Xobeh.
             Killed by divine providence
             ... invoked by an orc priest
              (15 damage)
             ... on level 6 of the Dungeon.
             The game lasted 00:19:05 (6509 turns).

kosy22 the Ducker (Troll Fighter)                   Turns: 6509, Time: 00:19:05

Health: -6/78      AC:  8    Str: 32    XL:     8   Next: 94%
Magic:  7/7        EV: 11    Int:  4    God:    Nemelex Xobeh [**....]
Gold:   271        SH: 10    Dex: 11    Spells: 0 memorised, 7 levels left

rFire  . . .     SeeInvis .       - Unarmed
rCold  . . .     Rnd*Rage +     a - +0 robe
rNeg   . . .     SustAt   .     b - +0 shield
rPois  .         Gourm    +     (helmet restricted)
rElec  .         Spirit   .     I - +2 cloak
rCorr  .         Warding  .     (gloves unavailable)
rMut   .         Stasis   .     (boots unavailable)
MR     .....                    v - amulet of rage
Stlth  +.........               o - +2 ring of dexterity
                                i - +5 ring of slaying

@: mighty, not resistant to hostile enchantments, very unstealthy
A: unfitting armour, claws 3, talons 1, berserk 1, fast metabolism 3, gourmand,
regeneration 2, shaggy fur 1, tough skin 2
a: Renounce Religion, Evoke Berserk Rage


You were on level 6 of the Dungeon.
You worshipped Nemelex Xobeh.
Nemelex Xobeh was pleased with you.
You were not hungry.

You visited 1 branch of the dungeon, and saw 6 of its levels.
You also visited: Sewer.

You collected 271 gold pieces.

Inventory:

Armour
 a - a +0 robe (worn)
 b - a +0 shield (worn)
 I - a +2 cloak (worn)
Jewellery
 i - a +5 ring of slaying (left claw)
 o - a +2 ring of dexterity (right claw)
 v - an amulet of rage (around neck)
Wands
 F - a wand of hasting (3)
 H - a wand of fireball (7)
Scrolls
 e - 3 scrolls of teleportation
 f - a scroll of fear
 h - 2 scrolls of remove curse
 j - a scroll of enchant weapon
 k - a scroll of amnesia
 m - 2 scrolls of identify
 p - a scroll of immolation {unknown}
 q - a scroll of noise {unknown}
 s - 3 scrolls of enchant armour {unknown}
 y - 2 scrolls of magic mapping {unknown}
 A - 3 scrolls of recharging {unknown}
 C - a scroll of fog {unknown}
Potions
 c - 2 potions of might
 g - 8 potions of curing
 r - a potion of cancellation {unknown}
 x - a potion of brilliance {unknown}
 B - a potion of magic {unknown}
 D - a potion of haste {unknown}
 G - a potion of ambrosia {unknown}
Books
 w - a book of Dreams

   Spells                             Type                      Level
   a - Ensorcelled Hibernation        Hexes/Ice                    2
   b - Phase Shift                    Translocation                5
   c - Shadow Creatures               Summoning                    5
   d - Silence                        Hexes/Air                    5
   e - Darkness                       Hexes                        6
   f - Mass Confusion                 Hexes                        6
Miscellaneous
 t - a legendary deck of destruction {drawn: 4}
 E - a plain deck of destruction {drawn: 1}
Comestibles
 d - a bread ration
 l - a meat ration
 u - a slice of pizza
 z - a beef jerky


   Skills:
 + Level 3.9 Fighting
 + Level 1.1 Throwing
 + Level 6.3 Dodging
 + Level 1.5 Stealth
 + Level 5.3 Shields
 + Level 5.4 Unarmed Combat
 + Level 1.1 Evocations


You had 7 spell levels left.
You didn't know any spells.

Dungeon Overview and Level Annotations

Branches:
Dungeon (6/15)             Temple (0/1) D:5

Altars:
Fedhas
Nemelex Xobeh
Trog


Innate Abilities, Weirdness & Mutations

You are too large for most types of armour.
You have claws for hands.
Your metabolism is lightning-fast.
You like to eat raw meat.
You heal very quickly.
You are covered in fur (AC +1).
You have very tough skin (AC +2).
You have sharp toenails.
You tend to lose your temper in combat.


Message History

a short sword; a leather armour; a scroll of remove curse; a leather armour an orc corpse The orc priest miscasts a cantrip.
The orc warrior hits you with a dire flail!!
* * * LOW HITPOINT WARNING * * *
You claw the orc warrior! Your kick misses the orc warrior.
The orc warrior is almost dead.
You block the orc warrior's attack.
Drink which item? (? for menu, Esc to quit)
You feel very mighty all of a sudden. The orc warrior closely misses you.
You claw the orc warrior!
You kill the orc warrior!
The orc priest invokes the aid of Beogh against you.
Something smites you!
* * * LOW HITPOINT WARNING * * *
The orc priest calls down the wrath of Beogh upon you.
Something smites you!
You die...
Your body disappears without a glow.

# #....._..........#
#.##.#.......#.####.#
#.#..#.......#.###
....##.....##...#
#.#..####.####.#.#
#.#.$........(.#.#
#.#.#####.##.#.#
#....)(...##....
##.o@#########.#
#.....# .# #.(.....#
.# #.((......#
+(!.......+
#.........#
##.......## ##.....##


You could see an orc priest.

Vanquished Creatures
  Eustachio (D:6)
  Menkaure (D:5)
  An orc warrior (D:6)
  The ghost of nht the Cudgeler, an amateur OgEn (D:3)
  A phantom (D:4)
  2 ogres
  2 giant frogs (Sewer)
  Dowan (D:6)
  2 crimson imps (D:5)
  A hound (D:4)
  4 orc priests
  A jelly (D:5)
  2 iguanas
  A giant frog skeleton (D:4)
  Natasha (thrice) (D:2)
  3 orc wizards
  3 worker ants
  10 adders
  2 river rats
  A shadow imp (D:5)
  3 oozes
  3 worms
  2 adder skeletons (D:5)
  2 giant geckos
  14 orcs
  5 bats
  10 giant cockroaches
  13 goblins
  12 hobgoblins
  11 jackals
  2 quokkas
  13 ball pythons
  5 giant newts (Sewer)
  8 kobolds
  35 rats
  A bush (D:5)
182 creatures vanquished.

Vanquished Creatures (collateral kills)
  The ghost of kosy22 the Ducker, a novice TrFi of Nemelex Xobeh (D:5)
  Duvessa (D:6)
  3 orcs (D:3)
  A hobgoblin (D:3)
  A kobold (D:5)
  2 jackals (D:3)
9 creatures vanquished.

Grand Total: 191 creatures vanquished

Notes
Turn   | Place    | Note
--------------------------------------------------------------
     0 | D:1      | kosy22 the Troll Fighter began the quest for the Orb.
     0 | D:1      | Reached XP level 1. HP: 22/22 MP: 0/0
    83 | D:1      | Reached XP level 2. HP: 26/29 MP: 1/1
   953 | D:1      | Reached XP level 3. HP: 36/36 MP: 2/2
  1243 | D:2      | Reached skill level 3 in Dodging
  1372 | D:2      | Noticed Natasha
  1379 | D:2      | Killed Natasha
  1379 | D:2      | Reached XP level 4. HP: 37/44 MP: 3/3
  1393 | D:2      | Noticed Natasha
  1402 | D:2      | Killed Natasha
  1515 | D:2      | Noticed Natasha
  1529 | D:2      | Killed Natasha
  1758 | D:2      | Found a faded altar to an unknown god.
  1926 | D:3      | Found a sparkling altar of Nemelex Xobeh.
  1932 | D:3      | Became a worshipper of Nemelex Xobeh the Trickster
  1935 | D:3      | Received a gift from Nemelex Xobeh
  2120 | D:3      | Noticed nht's ghost (amateur OgEn)
  2241 | D:3      | Killed nht's ghost
  2241 | D:3      | Reached XP level 5. HP: 48/53 MP: 4/4
  2365 | D:3      | HP: 2/53 [orc/whip (1)]
  2371 | D:3      | HP: 1/53 [poisoned by a worker ant]
  2376 | D:3      | HP: 2/53 [poisoned by a worker ant]
  2383 | D:3      | Reached XP level 6. HP: 4/61 MP: 5/5
  3044 | D:3      | Reached * piety under Nemelex Xobeh
  3403 | D:4      | Reached skill level 4 in Dodging
  3532 | D:4      | Found a glowing drain.
  3580 | Sewer    | Entered a sewer
  3996 | Sewer    | Reached XP level 7. HP: 65/67 MP: 6/6
  4075 | Sewer    | Gained mutation: You tend to lose your temper in combat. [potion of mutation]
  4075 | Sewer    | Gained mutation: You have sharp toenails. [potion of mutation]
  4750 | D:4      | Reached skill level 5 in Dodging
  4801 | D:5      | Entered Level 5 of the Dungeon
  4856 | D:5      | Reached ** piety under Nemelex Xobeh
  4891 | D:5      | Found a staircase to the Ecumenical Temple.
  4892 | D:5      | Received a gift from Nemelex Xobeh
  5163 | D:5      | Reached skill level 1 in Throwing
  5163 | D:5      | Reached XP level 8. HP: 75/75 MP: 7/7
  5178 | D:5      | Noticed Menkaure
  5182 | D:5      | Killed Menkaure
  5412 | D:5      | Noticed kosy22's ghost (novice TrFi)
  5429 | D:5      | Killed kosy22's ghost
  5429 | D:5      | Reached skill level 1 in Stealth
  5429 | D:5      | Reached skill level 1 in Evocations
  5467 | D:5      | Found a bloodstained altar of Trog.
  5543 | D:5      | Received a gift from Nemelex Xobeh
  6280 | D:6      | Found a blossoming altar of Fedhas.
  6291 | D:6      | Noticed Eustachio
  6301 | D:6      | Killed Eustachio
  6301 | D:6      | Reached skill level 6 in Dodging
  6301 | D:6      | Reached skill level 5 in Shields
  6301 | D:6      | Reached skill level 5 in Unarmed Combat
  6349 | D:6      | Noticed Duvessa
  6351 | D:6      | Noticed Dowan
  6356 | D:6      | Killed Dowan
  6358 | D:6      | Killed Duvessa
  6509 | D:6      | Killed from afar by an orc priest

Action                   |  1- 3 |  4- 6 |  7- 9 || total
-------------------------+-------+-------+-------++-------
Melee: Unarmed           |    96 |   252 |   168 ||   516
Throw: Large rock        |       |     7 |    19 ||    26
Evoke: Deck              |       |     9 |     6 ||    15
  Use: Potion            |       |     1 |     6 ||     7
       Scroll            |       |       |     9 ||     9
 Stab: Distracted        |       |       |     1 ||     1
  Eat: Chunk             |     9 |    26 |     6 ||    41
       Bread ration      |       |     2 |     1 ||     3
       Meat ration       |       |       |     1 ||     1
